 Dungeon Crawl Stone Soup version 0.19-a0-593-gf2cdb02 (webtiles) character file.

123 Ijustatesigmund the Skirmisher (level 5, -1/43 HPs)
             Began as a Merfolk Fighter on June 9, 2016.
             Slain by a giant frog (7 damage)
             ... on level 3 of the Dungeon on June 10, 2016.
             The game lasted 00:06:23 (2125 turns).

Ijustatesigmund the Skirmisher (Merfolk Fighter)    Turns: 2125, Time: 00:06:24

Health: -1/43      AC:  6    Str: 17    XL:     5   Next: 7%
Magic:  5/5        EV:  9    Int:  7    God:
Gold:   60         SH:  9    Dex: 14    Spells: 0 memorised, 4 levels left

rFire  . . .     SeeInvis .     m - -2 spear (curse)
rCold  . . .     Gourm    .     b - +0 scale mail
rNeg   . . .     Faith    .     c - +0 shield
rPois  .         Spirit   .     (no helmet)
rElec  .         Dismiss  .     (no cloak)
rCorr  .         Reflect  .     (no gloves)
SustAt .         Harm     .     (no boots)
MR     .....                    (no amulet)
Stlth  ..........               (no ring)
                                e - ring of wizardry

@: lethally poisoned (-1 -> -6), flying, not resistant to hostile enchantments,
extremely unstealthy
A: change form in water, swift swim
a: no special abilities


You were on level 3 of the Dungeon.
You were not hungry.

You visited 1 branch of the dungeon, and saw 3 of its levels.

You collected 60 gold pieces.

Inventory:

Hand Weapons
 a - a +0 trident
 m - a cursed -2 spear (weapon)
Missiles
 g - a throwing net (quivered)
Armour
 b - a +0 scale mail (worn)
 c - a +0 shield (worn)
Jewellery
 e - a ring of wizardry (left hand)
Potions
 d - 2 potions of haste
 i - a potion of mutation
 k - a potion of berserk rage {unknown}
 l - a potion of flight
 n - a potion of magic {unknown}
Comestibles
 f - 2 bread rations
 j - a meat ration
 o - 5 chunks of flesh


   Skills:
 + Level 4.4 Fighting
 + Level 4.4 Polearms
 - Level 2.1 Armour
 + Level 3.6 Dodging
 - Level 3.0 Shields


You had 4 spell levels left.
You didn't know any spells.

Dungeon Overview and Level Annotations

Branches:
Dungeon (3/15)

Altars:
Uskayaw

Annotations:
D:2 Natasha


Message History

The giant frog hits you!
* * * LOW HITPOINT WARNING * * *
You are too injured to fight recklessly!
You are too injured to fight recklessly!
You are too injured to fight recklessly!
You are too injured to fight recklessly!
You are too injured to fight recklessly!
You are too injured to fight recklessly!
You are too injured to fight recklessly!
It was a potion of flight.
You feel very buoyant.
You fly up into the air.
You feel sick.
The giant frog hits you but does no damage.
You block the kobold's attack.
It was a potion of cure mutation.
It has a very clean taste.
You feel sick. The giant frog closely misses you.
You block the kobold's attack. The giant frog hits you.
* * * LOW HITPOINT WARNING * * *
The giant frog hits you!
You die...

#.# #... #.. #...
##...####
........#
......K.# #.#
......F(# #.#
##...##@# #.# #..
... #. #.# #.# #.#
#.# #.# #.# #.#
#.# #.# #.# #.#
#.# #.# #.# #.#
#.# #.#
#.####.####.#
#.###...........##
#................#
##########.#####..


You could see a giant frog and a kobold.

Vanquished Creatures
  Natasha (twice) (D:2)
  An adder (D:3)
  2 worms (D:2)
  3 dart slugs (D:2)
  3 giant cockroaches
  4 goblins
  8 hobgoblins
  3 jackals (D:2)
  2 quokkas
  2 ball pythons (D:2)
  6 bats
  3 giant newts
  8 kobolds
  7 rats
54 creatures vanquished.

Notes
Turn   | Place    | Note
--------------------------------------------------------------
     0 | D:1      | Ijustatesigmund the Merfolk Fighter began the quest for the Orb.
     0 | D:1      | Reached XP level 1. HP: 18/18 MP: 1/1
    22 | D:1      | Reached skill level 1 in Dodging
    78 | D:1      | Reached XP level 2. HP: 11/24 MP: 2/2
   842 | D:2      | Reached XP level 3. HP: 21/30 MP: 3/3
   906 | D:2      | Noticed Natasha
   920 | D:2      | Killed Natasha
  1142 | D:2      | Reached XP level 4. HP: 34/37 MP: 4/4
  1143 | D:2      | Upgraded the game from 0.19-a0-585-ge40200b to 0.19-a0-593-gf2cdb02
  1157 | D:2      | Noticed Natasha
  1170 | D:2      | Killed Natasha
  1206 | D:2      | Noticed Natasha
  1613 | D:2      | You fall through a shaft!
  1614 | D:3      | Found a hide-covered altar of Uskayaw.
  1946 | D:2      | Reached XP level 5. HP: 43/43 MP: 5/5
  2125 | D:3      | Slain by a giant frog

Vault maps used:
D:1:      dpeg_arrival_houses_and_road
D:2:      first_bread, uniq_natasha
D:3:      overflow_temple_1_default, overflow_temple_1_default,
          roderic_curled_sauvastika, grunt_decor_cap, uniq_sigmund

Skill      XL: |  1  2  3  4 |
---------------+-------------+-----
Dodging        | 1 2 3 |  3.6
Fighting       | 4 |  4.4
Polearms       | 4 |  4.4
Armour         | |  2.1
Shields        | |  3.0

Action                   |  1- 3 |  4- 6 || total
-------------------------+-------+-------++-------
Melee: Trident           |    78 |       ||    78
       Spear             |    45 |   175 ||   220
  Use: Scroll            |     3 |     2 ||     5
       Potion            |       |     5 ||     5
  Eat: Chunk             |     1 |       ||     1
       Bread ration      |       |     1 ||     1
Armor: Scale mail        |    47 |   113 ||   160
Dodge: Dodged            |    30 |    89 ||   119
Block: Shield            |    54 |   131 ||   185
